 Dungeon Crawl Stone Soup version 0.29-a0-284-gf9362112df (webtiles) character file.

Game seed: 7220765761179391250

81 mistaj the Chopper (level 4, -1/41 HPs)
             Began as a Hill Orc Fighter on Mar 26, 2022.
             Slain by a kobold brigand
             ... wielding a +0 dagger
              (2 damage)
             ... in a sewer.
             The game lasted 00:03:00 (2053 turns).

mistaj the Chopper (Hill Orc Fighter)               Turns: 2053, Time: 00:03:00

Health: -1/41      AC:  7    Str: 20    XL:     4   Next: 42%
Magic:  4/4        EV:  9    Int:  8    God:
Gold:   33         SH:  5    Dex: 10    Spells: 3/3 levels left

rFire   . . .      SeeInvis .   e - +2 hand axe (elec)
rCold   . . .      Faith    .   c - +1 buckler
rNeg    . . .      Spirit   .   b - +0 scale mail
rPois   .          Reflect  .   (no helmet)
rElec   .          Harm     .   (no cloak)
rCorr   .          Rampage  .   (no gloves)
Will    .....                   (no boots)
Stlth   ..........              (no amulet)
HPRegen 0.13/turn               (no ring)
MPRegen 0.09/turn               (no ring)

@: no status effects
A: no striking features
a: no special abilities


You were in a sewer.
You visited 1 branch of the dungeon, and saw 3 of its levels.
You also visited: Sewer.

You collected 33 gold pieces.

Inventory:

Hand Weapons
 a - a +0 war axe
 e - a +2 hand axe of electrocution (weapon)
Missiles
 h - a throwing net (quivered)
Armour
 b - a +0 scale mail (worn)
 c - a +1 buckler (worn)
Scrolls
 f - a scroll of enchant armour
 i - a scroll of identify {unknown}
 l - a scroll of vulnerability {unknown}
Potions
 d - 2 potions of might
 g - a potion of resistance {unknown}
 j - a potion of heal wounds {unknown}


   Skills:
 + Level 4.3 Fighting
 * Level 4.6 Axes
 + Level 4.0 Armour
 - Level 3.2 Shields


You had 3 spell levels left.
You didn't know any spells.
Your spell library was empty.

Dungeon Overview and Level Annotations

Branches:
Dungeon (3/15)              Sewer (1/1)

Altars:
Fedhas


Message History

You miss the kobold brigand.
You feel sick.
The kobold brigand hits you with a +0 dagger.
You hit the kobold brigand.
The kobold brigand is lightly wounded.
You feel sick.
The kobold brigand hits you with a +0 dagger.
The kobold brigand closely misses you.
You barely miss the kobold brigand.
The kobold brigand is lightly wounded.
You feel sick.
The kobold brigand hits you with a +0 dagger.
You closely miss the kobold brigand.
The kobold brigand is lightly wounded.
You feel sick.
You are no longer poisoned.
The kobold brigand hits you with a +0 dagger!
* * * LOW HITPOINT WARNING * * *
You barely miss the kobold brigand.
The kobold brigand is lightly wounded.
The kobold brigand hits you but does no damage.
You hit the kobold brigand.
The kobold brigand is moderately wounded.
The kobold brigand hits you with a +0 dagger.
* * * LOW HITPOINT WARNING * * *
Unknown command.
You hit the kobold brigand but do no damage.
The kobold brigand is moderately wounded.
The kobold brigand barely misses you.
You slash the kobold brigand!
The kobold brigand is heavily wounded.
The kobold brigand hits you with a +0 dagger.
* * * LOW HITPOINT WARNING * * *
You hit the kobold brigand but do no damage.
The kobold brigand is heavily wounded.
The kobold brigand hits you with a +0 dagger.
* * * LOW HITPOINT WARNING * * *
You barely miss the kobold brigand.
The kobold brigand is heavily wounded.
The kobold brigand hits you with a +0 dagger.
You die...

≈≈≈≈ ≈≈≈≈
≈≈≈ ≈≈≈ ###
### #!.#..#
.....
##...## ≈
#.....# ≈≈≈
#..@..#≈≈≈≈
###K###≈≈≈≈
##...≈≈≈≈≈≈
#...≈≈≈≈≈≈≈
#...≈≈≈≈≈≈≈
##...≈≈≈≈≈≈≈
#....≈≈≈≈≈≈≈
#....≈≈≈≈≈≈≈
#....≈≈≈≈≈≈≈


You could see a kobold brigand.

Vanquished Creatures
  2 adders (D:2)
  A river rat (Sewer)
  A worm (D:2)
  A dart slug (D:2)
  3 orcs (D:3)
  2 endoplasms
  5 giant cockroaches
  10 goblins
  4 hobgoblins
  3 kobolds
  A quokka (D:1)
  2 ball pythons (D:1)
  A bat (D:1)
  A frilled lizard (D:2)
  7 rats
44 creatures vanquished.

Vanquished Creatures (others)
  5 fungi (D:3)
5 creatures vanquished.

Grand Total: 49 creatures vanquished

Notes
Turn   | Place    | Note
-------+----------+-------------------------------------------
     0 | D:1      | mistaj the Hill Orc Fighter began the quest for the Orb.
     0 | D:1      | Reached XP level 1. HP: 19/19 MP: 1/1
   272 | D:1      | Reached XP level 2. HP: 27/27 MP: 2/2
   493 | D:1      | Found a faded altar of an unknown god.
   909 | D:2      | Reached XP level 3. HP: 30/33 MP: 3/3
  1623 | D:3      | Found a blossoming altar of Fedhas.
  1675 | D:3      | Reached XP level 4. HP: 19/40 MP: 4/4
  1859 | D:3      | Found a glowing drain.
  1866 | Sewer    | Entered a sewer
  2036 | Sewer    | Noticed a kobold brigand
  2052 | Sewer    | HP: 1/41 [kobold brigand/+0 dagger (6)]
  2053 | Sewer    | Slain by a kobold brigand

Illustrated notes

Levels and vault maps discovered:
D:1:      sevenhm_arrival_forest_fort_small_4, layout_basic,
          hellmonk_ecumenical_altar_zigzags
D:2:      layout_basic
D:3:      layout_rooms, grunt_temple_overflow_forces_of_nature,
          gup_sewer_entry_bubbles
Sewer:    sewer_minmay_treatment

Skill      XL: |  1  2  3  4 |
---------------+-------------+-----
Axes           | 3 4 |  4.6
Fighting       | 4 |  4.3
Armour         | 4 |  4.0
Shields        | |  3.2

Action                   |  1- 3 |  4- 6 || total
-------------------------+-------+-------++-------
Melee: War axe           |    21 |       ||    21
       Hand axe          |    56 |    44 ||   100
  Use: Scroll            |     3 |       ||     3
Armor: Scale mail        |    30 |     9 ||    39
Dodge: Dodged            |    30 |    12 ||    42
Block: Buckler           |    12 |     3 ||    15

Table legend: (Time is in decaauts)
 A = Elapsed time spent in this place.
 B = Non-inter-level travel time spent in this place.
 C = Inter-level travel time spent in this place.
 D = Time resting spent in this place.
 E = Time spent auto-exploring this place.
 F = Levels seen in this place.
 G = Mean time per level.
                   A        B        C        D        E       F      G
               +--------+--------+--------+--------+--------+-----+--------+
         Total |   2095 |   2029 |     66 |    522 |   1095 |   4 |  523.8 |
       Dungeon |   1906 |   1840 |     66 |    393 |   1095 |   3 |  635.3 |
         Sewer |    189 |    189 |      0 |    129 |      0 |   1 |  189.0 |
               +--------+--------+--------+--------+--------+-----+--------+

Top non-repeatable levels by time:
     D:1: 915 daAuts
     D:2: 726 daAuts
     D:3: 263 daAuts
   Sewer: 189 daAuts
